 Dungeon Crawl Stone Soup version 0.20.1-1-g8b1a95d (webtiles) character file.

7553 galech the Grappler (level 10, -2/103 HPs)
             Began as a Troll Monk on Sept 11, 2017.
             Was a High Priest of Okawaru.
             Slain by a manticore (7 damage)
             ... on level 10 of the Dungeon.
             The game lasted 00:12:25 (7010 turns).

galech the Grappler (Troll Monk)                    Turns: 7010, Time: 00:12:26

Health: -2/103     AC:  6    Str: 24    XL:     10   Next: 96%
Magic:  9/10       EV: 13    Int:  6    God:    Okawaru [*****.]
Gold:   275        SH:  4    Dex: 12    Spells: 9/9 levels left

rFire    + . .     SeeInvis .     - Unarmed
rCold    . . .     Gourm    +   (no shield)
rNeg     + . .     Faith    .   F - +1 robe {rF+}
rPois    .         Spirit   .   (helmet restricted)
rElec    .         Reflect  +   (no cloak)
rCorr    .         Harm     .   (gloves unavailable)
MR       .....                  (boots unavailable)
Stlth    ++........             f - +4 amulet of reflection
Regen    0.7/turn               e - ring of positive energy
MPRegen  0.2/turn               B - ring of wizardry

@: barbed spikes
A: unfitting armour, claws 3, fast metabolism 3, gourmand, regeneration 1,
robust 1, shaggy fur 1, tough skin 2
a: Heroism, Finesse, Renounce Religion


You were on level 10 of the Dungeon.
You worshipped Okawaru.
Okawaru was extremely pleased with you.
You were not hungry.

You visited 2 branches of the dungeon, and saw 11 of its levels.

You collected 450 gold pieces.
You spent 175 gold pieces at shops.

Inventory:

Armour
 a - a +0 robe
 F - a +1 robe of fire resistance (worn)
Jewellery
 e - a ring of positive energy (left claw)
 f - a +4 amulet of reflection (around neck)
 v - an uncursed ring of magical power
 A - an uncursed ring of magical power
 B - a ring of wizardry (right claw)
Wands
 m - a wand of polymorph (10/24)
 x - a wand of iceblast (8/15)
Scrolls
 c - 3 scrolls of teleportation
 i - 3 scrolls of blinking
 k - 5 scrolls of remove curse
 l - 2 scrolls of immolation
 n - a scroll of recharging
 r - 3 scrolls of amnesia
 s - 2 scrolls of fog
 y - 4 scrolls of enchant weapon
 D - 2 scrolls of holy word
Potions
 g - 7 potions of curing {unknown}
 h - 3 potions of heal wounds {unknown}
 o - a potion of haste {unknown}
 p - a potion of resistance
 q - a potion of degeneration
 u - a potion of lignification
 w - 2 potions of flight
 z - a potion of invisibility {unknown}
 C - a potion of cancellation {unknown}
 E - a potion of mutation {unknown}
Books
 t - a book of Maledictions

   Spells                             Type                      Level
   a - Corona                         Hexes                        1
   b - Ensorcelled Hibernation        Hexes/Ice                    2
   c - Confuse                        Hexes                        3
   d - Tukima's Dance                 Hexes                        3
   e - Dazzling Spray                 Conjuration/Hexes            3
Comestibles
 b - 7 bread rations
 d - 3 meat rations
 j - 2 royal jellies


   Skills:
 + Level 4.7 Fighting
 + Level 6.7 Dodging
 + Level 3.5 Stealth
 + Level 13.0 Unarmed Combat
 + Level 2.1 Invocations


You had 9 spell levels left.
You didn't know any spells.

Dungeon Overview and Level Annotations

Branches:
Dungeon (10/15)            Temple (1/1) D:4            Lair (0/6) D:9
    Orc: D:9-12

Altars:
Ashenzari
Cheibriados
Dithmenos
Elyvilon
Fedhas
Gozag
Hepliaklqana
Kikubaaqudgha
Okawaru
Qazlal
Ru
Sif Muna
Trog
Uskayaw
Vehumet
Zin
The Shining One

Shops:
D:4 ?

Annotations:
D:5 1 runed door


Innate Abilities, Weirdness & Mutations

You are too large for most types of armour.
You have claws for hands.
Your metabolism is lightning-fast.
You like to eat raw meat.
Your natural rate of healing is unusually fast.
You are covered in fur. (AC +1)
You have very tough skin. (AC +2)
You are robust. (+10% HP)


Message History

The manticore is moderately wounded.
The manticore barely misses you. You block the manticore's attack.
The manticore completely misses you.
You claw the manticore!
The manticore is heavily wounded.
You closely miss the manticore.
The manticore is heavily wounded.
The manticore completely misses you. The manticore claws you.
The manticore claws you but does no damage.
You scratch the manticore. You claw the manticore.
The manticore is severely wounded.
You feel like a meek peon again. The manticore bites you!!
The manticore misses you. The manticore claws you!
* * * LOW HITPOINT WARNING * * *
You scratch the manticore.
The manticore is severely wounded.
The manticore bites you!
* * * LOW HITPOINT WARNING * * *
The manticore closely misses you. The manticore claws you!
You die...

#... ##... .... #...
#### ########## #...
##...# #........### #...
#.....##...#......###...
.......#...##.....##....
......H@...##......#.###
.......#...####......###
#.....##...# #########.
##...# #...# ###. ####
#...# #.... #...# #.##.
#...+ # #. #...# #.##.
#....


You could see a manticore.

Vanquished Creatures
  Erica (D:8)
  2 two-headed ogres
  Pikel (D:8)
  An ugly thing (D:10)
  The ghost of acidapple the Zephyrmancer, a novice TeAE (D:7)
  Psyche (D:8)
  A hornet (D:10)
  4 hippogriffs
  A vampire (D:10)
  A hungry ghost (D:10)
  2 orc warriors
  A sky beast (D:10)
  3 ice beasts
  A phantom (D:8)
  2 ogres (D:6)
  A centaur (D:8)
  A crocodile (D:9)
  5 bullfrogs
  A water moccasin zombie (D:5)
  A scorpion (D:7)
  3 killer bees (D:8)
  2 electric eels (D:10)
  2 howler monkeys (D:8)
  A bullfrog zombie (D:8)
  3 crimson imps
  2 bullfrog skeletons
  8 hounds
  A jelly (D:7)
  2 orc priests
  4 orc wizards
  Natasha (thrice) (D:3)
  An iguana (D:8)
  6 worker ants
  A hound skeleton (D:5)
  A worker ant zombie (D:8)
  3 gnolls (D:8)
  9 adders
  5 shadow imps
  An ooze (D:2)
  2 worms
  3 adder skeletons
  2 dart slugs
  5 leopard geckos
  21 orcs
  A ball python (D:3)
  2 bats
  5 giant cockroaches
  5 goblins
  5 hobgoblins
  7 jackals
  9 kobolds
  3 quokkas
  2 frilled lizards
  A leopard gecko zombie (D:5)
  6 rats
  A plant (D:9)
170 creatures vanquished.

Vanquished Creatures (others)
  An adder (D:10)
  2 plants (D:9)
3 creatures vanquished.

Grand Total: 173 creatures vanquished

Notes
Turn   | Place    | Note
-------+----------+-------------------------------------------
     0 | D:1      | galech the Troll Monk began the quest for the Orb.
     0 | D:1      | Reached XP level 1. HP: 22/22 MP: 0/0
   122 | D:1      | Reached XP level 2. HP: 29/29 MP: 1/1
   614 | D:1      | Reached XP level 3. HP: 31/36 MP: 2/2
   753 | D:2      | Found a faded altar of an unknown god.
  1309 | D:3      | Noticed Natasha
  1310 | D:3      | Killed Natasha
  1310 | D:3      | Reached skill level 4 in Unarmed Combat
  1310 | D:3      | Reached XP level 4. HP: 44/44 MP: 3/3
  1566 | D:3      | Noticed Natasha
  1581 | D:3      | Killed Natasha
  1614 | D:3      | Noticed Natasha
  1622 | D:3      | Killed Natasha
  1622 | D:3      | Reached XP level 5. HP: 36/52 MP: 4/4
  1945 | D:3      | Found a deep blue altar of Sif Muna.
  2256 | D:4      | Reached skill level 5 in Unarmed Combat
  2430 | D:4      | Found a staircase to the Ecumenical Temple.
  2439 | Temple   | Entered the Ecumenical Temple
  2471 | Temple   | Became a worshipper of Warmaster Okawaru
  2471 | Temple   | Reached * piety under Okawaru
  2471 | Temple   | Reached ** piety under Okawaru
  2582 | D:4      | Found Ublitsol's Magic Scroll Shop.
  2585 | D:4      | Bought a scroll of blinking for 75 gold pieces
  2585 | D:4      | Bought a scroll of identify for 20 gold pieces
  2585 | D:4      | Bought a scroll of identify for 20 gold pieces
  2585 | D:4      | Bought a scroll of identify for 20 gold pieces
  2585 | D:4      | Bought a scroll of identify for 20 gold pieces
  2585 | D:4      | Bought a scroll of identify for 20 gold pieces
  2813 | D:5      | Entered Level 5 of the Dungeon
  2813 | D:5      | Found a glowing golden altar of the Shining One.
  2813 | D:5      | Found an opulent altar of Gozag.
  2813 | D:5      | Found a bloodstained altar of Trog.
  2814 | D:5      | Found an ancient bone altar of Kikubaaqudgha.
  2828 | D:5      | Reached XP level 6. HP: 37/61 MP: 5/5
  2975 | D:5      | Found a glowing silver altar of Zin.
  2975 | D:5      | Found a runed door.
  2975 | D:5      | Noticed an angel
  3032 | D:5      | Noticed an ice beast
  3041 | D:5      | Killed an ice beast
  3152 | D:5      | Reached skill level 6 in Unarmed Combat
  3152 | D:5      | Reached XP level 7. HP: 61/67 MP: 6/6
  4018 | D:6      | Found an iron altar of Okawaru.
  4139 | D:7      | Noticed a hippogriff
  4153 | D:6      | Killed a hippogriff
  4153 | D:6      | Reached skill level 7 in Unarmed Combat
  4162 | D:6      | Reached *** piety under Okawaru
  4256 | D:6      | Reached XP level 8. HP: 45/75 MP: 7/7
  4416 | D:7      | Noticed acidapple's ghost (novice TeAE)
  4428 | D:7      | Killed acidapple's ghost
  4428 | D:7      | Reached skill level 8 in Unarmed Combat
  4629 | D:7      | Reached skill level 9 in Unarmed Combat
  4666 | D:7      | Reached **** piety under Okawaru
  4916 | D:8      | Noticed Psyche
  4933 | D:8      | Reached XP level 9. HP: 83/84 MP: 8/8
  4955 | D:8      | Killed Psyche
  4992 | D:8      | Reached skill level 10 in Unarmed Combat
  4997 | D:8      | Reached skill level 5 in Dodging
  4999 | D:8      | Noticed a two-headed ogre
  5049 | D:7      | Killed a two-headed ogre
  5049 | D:7      | Reached ***** piety under Okawaru
  5049 | D:7      | Reached skill level 11 in Unarmed Combat
  5049 | D:7      | Reached skill level 1 in Invocations
  5238 | D:8      | Noticed Pikel
  5245 | D:8      | Killed Pikel
  5245 | D:8      | Reached XP level 10. HP: 73/93 MP: 8/10
  5381 | D:8      | Noticed a two-headed ogre
  5387 | D:8      | Killed a two-headed ogre
  5412 | D:8      | Noticed Erica
  5425 | D:8      | Killed Erica
  5425 | D:8      | Received a gift from Okawaru
  5425 | D:8      | Reached skill level 12 in Unarmed Combat
  6080 | D:9      | Found a staircase to the Lair.
  6541 | D:10     | Entered Level 10 of the Dungeon
  6608 | D:10     | Noticed a purple ugly thing
  6623 | D:10     | Killed a purple ugly thing
  6631 | D:10     | Gained mutation: You are robust. (+10% HP) [mutagenic meat]
  6946 | D:10     | Reached skill level 13 in Unarmed Combat
  6989 | D:10     | Noticed a manticore
  7010 | D:10     | HP: 5/103 [manticore (13)]
  7010 | D:10     | Slain by a manticore

Skill      XL: |  1  2  3  4  5  6  7  8  9 10 |
---------------+-------------------------------+-----
Unarmed Combat | 4 5 6 7 9 11 13 | 13.0
Dodging        | 3 4 5 6 |  6.7
Fighting       | 3 4 |  4.7
Stealth        | 2 3 |  3.5
Invocations    | 1 2 |  2.1

Action                   |  1- 3 |  4- 6 |  7- 9 | 10-12 || total
-------------------------+-------+-------+-------+-------++-------
Melee: Unarmed           |    76 |   120 |   187 |   136 ||   519
       Punch             |       |     3 |    10 |    10 ||    23
Invok: Heroism           |       |       |     4 |     3 ||     7
  Use: Scroll            |       |     8 |       |     4 ||    12
 Stab: Sleeping          |     2 |     7 |     1 |     3 ||    13
       Distracted        |       |     1 |     1 |       ||     2
  Eat: Chunk             |    17 |    17 |    19 |    16 ||    69
Armor: Robe              |    17 |    20 |    51 |    16 ||   104
Dodge: Dodged            |    38 |    55 |    80 |    57 ||   230
Block: Other             |     5 |    15 |    30 |    19 ||    69
       Reflection        |       |       |     1 |       ||     1
